 Dungeon Crawl Stone Soup version 0.17-a0-1311-gbcbd859 (webtiles) character file.

27655 bal the Protected (level 13, -17/104 HPs)
             Began as a Demonspawn Berserker on June 8, 2015.
             Was a Priest of Trog.
             Demolished by a freezing wraith (18 damage)
             ... in an ice cave.
             The game lasted 01:17:16 (10904 turns).

bal the Protected (Demonspawn Berserker)           Turns: 10904, Time: 01:17:17

Health: -17/104    AC: 20    Str: 22    XL:     13   Next: 5%
Magic:  0/25       EV: 10    Int: 10    God:    Trog [***...]
Gold:   1447       SH:  0    Dex: 18    Spells: 0 memorised, 12 levels left

rFire  . . .     SeeInvis .     D - +10 mace "Eviscerator" {crush, MR+ MP+9 Dex+3}
rCold  . . .     Clarity  .     n - +1 plate armour
rNeg   . . .     SustAt   .     (no shield)
rPois  +         Gourm    .     v - +0 hat
rElec  .         Spirit   +     (no cloak)
rCorr  .         Warding  .     (no gloves)
rMut   .         Stasis   .     (no boots)
MR     +....                    (no amulet)
Stlth  ..........               i - +3 ring of slaying
                                j - +3 ring of dexterity

@: slowed, very slow, somewhat resistant to hostile enchantments, extremely
unstealthy
A: antennae 1, iridescent scales 1, blurry vision 1, deterioration 1, poison
resistance, regeneration 1, spiny 2, magic shield, magic regeneration, magic
link
a: Burn Spellbooks, Berserk, Trog's Hand, Renounce Religion


You were in an ice cave.
You worshipped Trog.
Trog was most pleased with you.
You were not hungry.

You visited 1 branch of the dungeon, and saw 14 of its levels.
You also visited: Ossuary, Bailey and Ice Cave.

You collected 1759 gold pieces.
You spent 312 gold pieces at shops.

Inventory:

Hand weapons
 g - a +0 war axe
 k - a +6 falchion of electrocution
 r - a +0 mace of protection
 y - a +2 vampiric halberd
 D - the +10 mace "Eviscerator" (weapon) {crush, MR+ MP+9 Dex+3}
   (You found it on level 10 of the Dungeon)

   It inflicts extra damage upon your enemies.
   It affects your dexterity (+3).
   It affects your resistance to hostile enchantments.
   It affects your magic capacity (+9).
 I - a +5 hand axe of freezing
 K - a +2 antimagic war axe
Missiles
 s - 4 javelins
 J - 32 tomahawks of returning
 L - 19 tomahawks (quivered)
Armour
 n - a +1 plate armour (worn)
 q - a +1 ring mail of fire resistance
 v - a +0 hat (worn)
Jewellery
 i - a +3 ring of slaying (right hand)
 j - a +3 ring of dexterity (left hand)
 t - an uncursed ring of positive energy
 G - an uncursed ring of poison resistance
Magical devices
 b - a wand of fireball (14)
 x - a wand of slowing (19)
 A - a wand of confusion (19)
 B - a wand of polymorph (16)
 H - a wand of flame (19)
Scrolls
 d - 6 scrolls of blinking
 h - 2 scrolls of identify
 m - 5 scrolls of remove curse
 o - 2 scrolls of magic mapping
 u - 2 scrolls of noise
 w - 4 scrolls of teleportation
Potions
 a - a potion of curing
 e - a potion of agility
 l - a potion of might
 C - a potion of cure mutation {unknown}
 F - a potion of berserk rage
 P - a potion of mutation {unknown}
 S - a potion of brilliance
Miscellaneous
 Q - a sack of spiders {used: 1}
Comestibles
 c - 5 bread rations
 f - a beef jerky
 z - 6 meat rations


   Skills:
 + Level 10.3 Fighting
 + Level 6.7 Long Blades
 + Level 3.6(5.2) Axes
 + Level 5.9(6.4) Maces & Flails
 + Level 9.1 Throwing
 + Level 11.0 Armour
 + Level 5.2 Dodging
 + Level 2.8 Stealth
 + Level 4.8 Evocations


You had 12 spell levels left.
You didn't know any spells.

Dungeon Overview and Level Annotations

Branches:
Dungeon (14/15) Temple (0/1) D:4 Lair (0/8) D:9 D:11 Orc (0/4) D:9 Vaults (0/5) D:13

Altars:
Ashenzari
Fedhas
Gozag
Nemelex Xobeh
Ru
Xom

Shops:
D:9 }   D:11 *

Annotations:
D:3 exclusion: oklob plant
D:13 3 runed doors, exclusion: obsidian statue


Innate Abilities, Weirdness & Mutations

You have a pair of small antennae on your head.
You are partially covered in iridescent scales (AC +4).
You are mostly covered in sharp spines.
When hurt, damage is shared between your health and your magic reserves.
You regenerate magic rapidly.
When low on magic, you restore magic in place of health.
Scrolls take you a little longer to read.
Your body sometimes deteriorates upon taking damage.
Your system is resistant to poisons.
Your natural rate of healing is unusually fast.


Message History

The freezing wraith is destroyed!
Your Armour skill increases to level 11!
The freezing wraith hits you but does no damage. x2
You hear a shout!
Your ogre closely misses the freezing wraith.
The freezing wraith barely misses you. The freezing wraith hits you.
* * * LOW HITPOINT WARNING * * *
You hit the freezing wraith but do no damage.
The freezing wraith is almost destroyed.
Your ogre hits the freezing wraith with a giant club.
The freezing wraith hits you but does no damage.
The freezing wraith misses you.
You hit the freezing wraith but do no damage.
The freezing wraith is almost destroyed.
Your ogre completely misses the freezing wraith.
The freezing wraith is struck by your spines.
The freezing wraith hits you!
* * * LOW HITPOINT WARNING * * *
The freezing wraith freezes you!!
You die...

#....## #...###
###...#### #..###
##....###........##
#...##
##...............##
##...###
####.............#
###...###
##............#
###...###
##..........##
##....###
##.#....#.##
###....##
####..#### ###.@.##
##..# ###W.# ##..##
#.O## #..##
.......## #...##
......O ##...##
....... ##...#
....... ##...#
......# #...##
#...## ##...##


You could see a freezing wraith and a friendly ogre (berserk).

Vanquished Creatures
  4 vault guards (D:13)
  An ice dragon (D:14)
  2 centaur warriors (D:14)
  An unseen horror (D:12)
  2 hill giants (D:13)
  An ugly thing (D:13)
  A griffon (D:13)
  The ghost of onwiheg the Conjurer, an experienced DgWz (D:7)
  A centaur zombie (D:14)
  Psyche (D:12)
  A gargoyle (D:12)
  A komodo dragon (D:13)
  A redback zombie (D:13)
  An efreet (D:13)
  A freezing wraith (IceCv)
  7 trolls
  2 two-headed ogres (D:10)
  3 polar bears (D:14)
  A jumping spider (shapeshifter) (D:13)
  3 deep elf magi
  15 yaks
  A shadow (D:13)
  A spriggan (D:7)
  A wyvern (D:14)
  A hungry ghost (D:13)
  A basilisk (D:12)
  A hippogriff (D:13)
  A death yak simulacrum (IceCv)
  6 vampire mosquitoes
  4 wolves
  3 soldier ants
  2 water moccasins
  An eye of draining (D:9)
  11 ice beasts
  5 ogres
  7 orc warriors
  3 black bears
  A necrophage (D:8)
  4 sky beasts
  A phantom (D:5)
  3 crocodiles
  5 centaurs
  3 big kobolds
  Blork the orc (D:6)
  A wyvern zombie (D:10)
  7 giant frogs
  A gnoll sergeant (D:11)
  4 scorpions
  13 killer bees
  11 wights
  3 electric eels (D:11)
  5 crimson imps
  A giant frog zombie (D:7)
  13 hounds
  A jelly (D:8)
  2 iguanas
  4 orc priests
  A gnoll shaman (D:9)
  14 orc wizards
  3 giant frog skeletons
  2 polar bear simulacra (IceCv)
  13 worker ants
  A wolf simulacrum (IceCv)
  A killer bee zombie (D:9)
  A hound zombie (D:9)
  2 hound skeletons
  A worker ant zombie (D:7)
  13 mummies
  18 gnolls
  5 adders
  4 shadow imps
  2 white imps (IceCv)
  An ooze (D:7)
  An adder skeleton (D:4)
  2 adder zombies
  A worm (D:3)
  3 giant geckos
  45 orcs
  4 ball pythons
  9 bats
  A bat skeleton (D:4)
  A giant cockroach (D:2)
  18 hobgoblins
  2 jackals (D:6)
  3 quokkas
  A giant gecko skeleton (D:3)
  5 giant newts
  4 gnoll skeletons (Ossuary)
  5 goblins
  A goblin skeleton (Ossuary)
  35 kobolds
  2 kobold skeletons (Ossuary)
  2 kobold zombies (D:4)
  7 rats
  11 rat skeletons (Ossuary)
  2 fungi (D:3)
  A plant (D:3)
432 creatures vanquished.

Vanquished Creatures (collateral kills)
  The ghost of asdu the Cleaver, a powerful DDFi of Makhleb (IceCv)
  An ugly thing (D:11)
  5 freezing wraiths (IceCv)
  2 two-headed ogres
  A deep elf mage (D:11)
  2 ice beasts (IceCv)
  An orc warrior (D:11)
  A giant frog (D:8)
  2 scorpions
  2 wights
  An orc wizard (D:11)
  An iguana (D:11)
  An orc priest (D:8)
  A gnoll (D:11)
  3 white imps (IceCv)
  3 orcs
  A hobgoblin (D:11)
  4 kobolds (D:10)
33 creatures vanquished.

Vanquished Creatures (others)
  A goblin skeleton (Ossuary)
1 creature vanquished.

Grand Total: 466 creatures vanquished

Notes
Turn   | Place    | Note
--------------------------------------------------------------
     0 | D:1      | bal the Demonspawn Berserker began the quest for the Orb.
     0 | D:1      | Reached XP level 1. HP: 18/18 MP: 1/1
   351 | D:1      | Gained mutation: You are partially covered in sharp spines. [demonic ancestry]
   351 | D:1      | Reached XP level 2. HP: 17/24 MP: 2/2
   674 | D:2      | Found an opulent altar of Gozag.
   933 | D:3      | Gained mutation: When hurt, damage is shared between your health and your magic reserves. [demonic ancestry]
   933 | D:3      | Reached XP level 3. HP: 29/29 MP: 3/3
   934 | D:3      | Acquired Trog's second power
  1041 | D:3      | Reached XP level 4. HP: 35/37 MP: 4/4
  1160 | D:3      | Found a blossoming altar of Fedhas.
  1174 | D:3      | Noticed an oklob plant
  1810 | D:4      | Gained mutation: You have a pair of small antennae on your head. [demonic ancestry]
  1810 | D:4      | Reached XP level 5. HP: 42/42 MP: 5/5
  1848 | D:4      | Reached skill level 1 in Throwing
  1905 | D:4      | Found a sand-covered staircase.
  1914 | Ossuary  | Entered an ossuary
  1944 | Ossuary  | Reached skill level 1 in Stealth
  2016 | Ossuary  | Reached skill level 4 in Fighting
  2016 | Ossuary  | Reached XP level 6. HP: 14/48 MP: 1/6
  2069 | Ossuary  | Reached skill level 1 in Long Blades
  2651 | D:4      | Found a staircase to the Ecumenical Temple.
  2756 | D:4      | Gained mutation: You are partially covered in iridescent scales (AC +4). [demonic ancestry]
  2756 | D:4      | Reached XP level 7. HP: 54/54 MP: 7/7
  2984 | D:5      | Entered Level 5 of the Dungeon
  3091 | D:5      | Gained mutation: Your natural rate of healing is unusually fast. [mutagenic meat]
  3259 | D:5      | Found a shattered altar of Ashenzari.
  3333 | D:5      | Reached XP level 8. HP: 61/61 MP: 8/8
  3356 | D:5      | Reached skill level 5 in Fighting
  3830 | D:6      | Noticed Blork the orc
  3839 | D:6      | Killed Blork the orc
  4296 | D:7      | Found a sacrificial altar of Ru.
  4306 | D:7      | Gained mutation: You regenerate magic rapidly. [demonic ancestry]
  4306 | D:7      | Reached XP level 9. HP: 69/69 MP: 9/9
  4378 | D:7      | Reached skill level 5 in Armour
  4393 | D:7      | Acquired Trog's third power
  4393 | D:7      | Reached skill level 6 in Fighting
  4532 | D:7      | Noticed onwiheg's ghost (experienced DgWz)
  4548 | D:7      | Killed onwiheg's ghost
  4606 | D:7      | Reached skill level 5 in Long Blades
  4676 | D:7      | Reached skill level 5 in Throwing
  5145 | D:8      | Found a shimmering altar of Xom.
  5335 | D:8      | Found a sparkling altar of Nemelex Xobeh.
  5489 | D:8      | Reached skill level 1 in Evocations
  5553 | D:9      | Found Jitsur Lagg's Gadget Shop.
  5561 | D:9      | Bought a wand of fireball (8) for 312 gold pieces
  5623 | D:9      | Reached XP level 10. HP: 61/77 MP: 7/10
  5641 | D:9      | Reached skill level 7 in Fighting
  5651 | D:9      | Gained mutation: Scrolls take you a little longer to read. [mutagenic meat]
  5652 | D:9      | Gained mutation: Your body sometimes deteriorates upon taking damage. [mutagenic meat]
  5653 | D:9      | Gained mutation: Your system is resistant to poisons. [mutagenic meat]
  5662 | D:9      | Found a staircase to the Lair.
  5683 | D:9      | Found a staircase to the Orcish Mines.
  6312 | D:9      | Reached skill level 5 in Dodging
  6412 | D:10     | Entered Level 10 of the Dungeon
  6459 | D:10     | Got a fine mace
  6462 | D:10     | Identified the +10 mace "Eviscerator" {crush, MR+ MP+9 Dex+3} (You found it on level 10 of the Dungeon)
  6664 | D:10     | Received a gift from Trog
  6695 | D:10     | Found a flagged portal.
  6768 | Bailey   | Entered a bailey
  6858 | Bailey   | Reached skill level 8 in Armour
  7043 | D:10     | Reached skill level 1 in Maces & Flails
  7556 | D:11     | Reached XP level 11. HP: 79/86 MP: 13/13
  7625 | D:11     | Found a staircase to the Lair.
  7640 | D:11     | Got an ancient leather armour
  7643 | D:11     | Identified the cursed +0 leather armour "Juful" {rC+ Int+2} (You found it on level 11 of the Dungeon)
  7651 | D:11     | Noticed a brown ugly thing
  7666 | D:11     | Killed a brown ugly thing
  7825 | D:11     | Received a gift from Trog
  8154 | D:11     | Found Usoff's Assorted Antiques.
  8463 | D:12     | Found a blossoming altar of Fedhas.
  8539 | D:12     | Reached skill level 9 in Armour
  8569 | D:12     | Noticed Psyche
  8573 | D:12     | Killed Psyche
  8641 | D:12     | Killed an unseen horror
  8938 | D:13     | Noticed a hill giant
  8945 | D:13     | Killed a hill giant
  9015 | D:13     | Noticed a vault guard
  9017 | D:13     | Noticed a vault guard
  9019 | D:13     | Noticed a vault guard
  9022 | D:13     | Noticed a hill giant
  9046 | D:13     | Killed a vault guard
  9055 | D:13     | Killed a vault guard
  9085 | D:13     | Killed a vault guard
  9085 | D:13     | Gained mutation: When low on magic, you restore magic in place of health. [demonic ancestry]
  9085 | D:13     | Reached XP level 12. HP: 56/94 MP: 13/14
  9093 | D:13     | Killed a hill giant
  9247 | D:13     | Noticed a vault guard
  9264 | D:13     | Killed a vault guard
  9264 | D:13     | Reached skill level 10 in Armour
  9376 | D:13     | Received a gift from Trog
  9471 | D:13     | Found a runed door.
  9510 | D:13     | Noticed an obsidian statue
  9544 | D:13     | Found a runed door.
  9566 | D:13     | Found a runed door.
  9592 | D:13     | Found a gate to the Vaults.
  9796 | D:13     | Found a runed door.
 10230 | D:14     | Noticed a centaur warrior
 10238 | D:14     | Killed a centaur warrior
 10442 | D:14     | Noticed a centaur warrior
 10451 | D:14     | Killed a centaur warrior
 10451 | D:14     | Reached skill level 5 in Maces & Flails
 10561 | D:14     | Found a frozen archway.
 10562 | D:14     | Noticed an ice dragon
 10567 | D:14     | Received a gift from Trog
 10567 | D:14     | Reached skill level 10 in Fighting
 10592 | D:14     | Killed an ice dragon
 10632 | IceCv    | Entered an ice cave
 10791 | IceCv    | Noticed asdu's ghost (powerful DDFi)
 10798 | IceCv    | Killed asdu's ghost
 10856 | IceCv    | Gained mutation: You are mostly covered in sharp spines. [demonic ancestry]
 10856 | IceCv    | Reached XP level 13. HP: 103/103 MP: 16/16
 10901 | IceCv    | Reached skill level 11 in Armour
 10902 | IceCv    | HP: 5/104 [freezing wraith (1)]
 10904 | IceCv    | HP: 1/104 [freezing wraith (5)]
 10904 | IceCv    | Demolished by a freezing wraith

Vault maps used:
D:1:      minmay_arrival_jagged
D:2:      lemuel_crystal_altar, old_standard_altar, lightli_temple_of_fire,
          makhleb_heckhound_becter, uniq_iyjb
D:3:      tgw_fedhas
D:4:      lemuel_temple_firewalk_marked, nicolae_ossuary_entry_giza
D:5:      ashenzari_altar_1, first_bread
D:6:      uniq_blork_the_orc
D:7:      basic_altar, minmay_holes, the_bakery
D:8:      kennysheep_mini, lemuel_doored_altar
D:9:      lair_0_dummy, orc_0_dummy, serial_shops, shop
D:10:     enter_bailey_8
D:11:     erik_lair_island, serial_shops, shop_statue
D:12:     basic_altar, st_stairs_1, solitary_fountain, uniq_psyche
D:13:     lightli_vaults_fourway_checkpoint, minmay_statue_crystal_thing
D:14:     portal_ice_cave_entry_animals_and_master
Ossuary:  ossuary_due_small_catacomb
Bailey:   bailey_axe_1, bailey
IceCv:    ice_cave_small_necro

Action                   |  1- 3 |  4- 6 |  7- 9 | 10-12 | 13-15 || total
-------------------------+-------+-------+-------+-------+-------++-------
Melee: Hand axe          |    66 |       |       |       |       ||    66
       Falchion          |       |   118 |   205 |    63 |       ||   386
       Mace              |       |       |       |   427 |    18 ||   445
Throw: Tomahawk          |    11 |    17 |    13 |   106 |       ||   147
       Javelin           |       |     9 |    15 |    10 |       ||    34
Invok: Berserk           |     2 |     1 |     2 |     3 |       ||     8
       Burn Spellbooks   |       |     1 |     1 |     3 |       ||     5
       Trog's Hand       |       |     2 |       |    12 |       ||    14
       Brothers in Arms  |       |       |     1 |    10 |     1 ||    12
Evoke: Wand              |       |       |     5 |    66 |       ||    71
       Sack of spiders   |       |       |       |     3 |       ||     3
  Use: Scroll            |     5 |    11 |     3 |    16 |       ||    35
       Potion            |     3 |     5 |     2 |     6 |       ||    16
 Stab: Confused          |       |       |     1 |     3 |       ||     4
  Eat: Chunk             |     2 |     2 |     1 |     4 |       ||     9
       Meat ration       |       |     1 |       |     1 |       ||     2
       Bread ration      |       |       |     3 |     4 |       ||     7
       Fruit             |       |       |     1 |     3 |       ||     4
       Beef jerky        |       |       |     1 |       |       ||     1
